General information
- name: BNet
- type: Ladder team game (AT/RT)
- host: Battle.net
- saver: bestallyever
map: DragonFalls
- players: 8
- length: 11:11
- speed: Fast
- version: 1.27 W3XP
- replay type: Public
» download(69 KB)
Players
team 1 (winner)

»
GOT.milk (
orange | 95 APM | 1061 actions | 11:11)
4 Beastmaster
2 Summon Quilbeast
2 Summon Hawk
3 Keeper of the Grove
2 Entangling Roots
1 Thorns Aura
» actions
| Assign group hotkey | 52 | |
| Basic commands | 15 | |
| Build / train | 48 | |
| Enter build submenu | 16 | |
| Enter hero's abilities submenu | 7 | |
| Remove unit from queue | 2 | |
| Right click | 478 | |
| Select / deselect | 158 | |
| Select group hotkey | 211 | |
| Use ability | 74 | |
1061 total
» units
| Wisp | 20 | |
| Archer | 6 | |
| Dryad | 1 | |
| Druid of the Claw | 2 | |
| Druid of the Talon | 1 | |
30 total
» upgrades
| Druid of the Claw Training | 2 | |
2 total
» buildings
| Ancient of War | 1 | |
| Moon Well | 5 | |
| Altar of Elders | 1 | |
| Tree of Ages | 1 | |
| Tree of Life | 1 | |
| Hunter's Hall | 1 | |
| Tree of Eternity | 1 | |
| Ancient of Lore | 1 | |
| Ancient of Wind | 1 | |
| Ancient of Wonders | 1 | |
| Chimaera Roost | 3 | |
17 total
» build order
00:26 Ancient of War
00:32 Moon Well
01:15 Altar of Elders
01:18 Moon Well
02:34 Moon Well
03:29 Tree of Ages
05:11 Tree of Life
05:25 Hunter's Hall
06:42 Tree of Eternity
06:44 Ancient of Lore
07:44 Ancient of Wind
08:44 Moon Well
08:46 Moon Well
09:27 Ancient of Wonders
10:15 Chimaera Roost
10:16 Chimaera Roost
10:17 Chimaera Roost
» items
piesofthenorth (
purple | 43 APM | 479 actions | 11:11)
2 Naga Sea Witch
1 Frost Arrows
1 Forked Lightning
2 Dreadlord
1 Vampiric Aura
1 Sleep
1 Dark Ranger
1 Black Arrow
» actions
| Assign group hotkey | 4 | |
| Basic commands | 1 | |
| Build / train | 34 | |
| ESC pressed | 3 | |
| Enter build submenu | 17 | |
| Enter hero's abilities submenu | 5 | |
| Right click | 136 | |
| Select / deselect | 161 | |
| Select group hotkey | 96 | |
| Use ability | 22 | |
479 total
» units
| Acolyte | 8 | |
| Ghoul | 4 | |
| Abomination | 3 | |
15 total
» upgrades
| Cannibalize | 1 | |
| Unholy Armor | 1 | |
| Unholy Strength | 1 | |
| Disease Cloud | 1 | |
4 total
» buildings
| Graveyard | 1 | |
| Necropolis | 1 | |
| Halls of the Dead | 1 | |
| Crypt | 1 | |
| Altar of Darkness | 1 | |
| Tomb of Relics | 1 | |
| Black Citadel | 1 | |
| Slaughterhouse | 2 | |
| Ziggurat | 5 | |
14 total
» build order
00:15 Graveyard
00:27 Necropolis
01:02 Halls of the Dead
01:48 Crypt
02:12 Altar of Darkness
02:44 Tomb of Relics
04:23 Black Citadel
05:16 Slaughterhouse
05:17 Slaughterhouse
05:27 Ziggurat
06:42 Ziggurat
11:02 Ziggurat
11:03 Ziggurat
11:03 Ziggurat
» items
| Potion of Healing | 2 | |
| Dust of Appearance | 1 | |
| Scroll of Healing | 1 | |
| Orb of Corruption | 1 | |
5 total

»
Refresh_Me (
red | 33 APM | 371 actions | 11:11)
3 Death Knight
2 Death Coil
1 Death Pact
» actions
| Basic commands | 8 | |
| Build / train | 31 | |
| Enter build submenu | 10 | |
| Enter hero's abilities submenu | 3 | |
| Remove unit from queue | 2 | |
| Right click | 211 | |
| Select / deselect | 84 | |
| Use ability | 22 | |
371 total
» units
| Acolyte | 2 | |
| Ghoul | 5 | |
| Crypt Fiend | 12 | |
19 total
» upgrades
» buildings
| Altar of Darkness | 1 | |
| Ziggurat | 4 | |
| Graveyard | 1 | |
| Tomb of Relics | 1 | |
| Crypt | 1 | |
| Halls of the Dead | 2 | |
| Black Citadel | 3 | |
13 total
» build order
00:16 Altar of Darkness
00:24 Ziggurat
00:38 Graveyard
00:54 Tomb of Relics
01:09 Ziggurat
01:29 Crypt
04:48 Halls of the Dead
04:48 Halls of the Dead
05:55 Ziggurat
06:00 Ziggurat
09:28 Black Citadel
09:29 Black Citadel

»
Jurassic (
yellow | 29 APM | 328 actions | 11:11)
1 Mountain King
1 Thunder Clap
» actions
| Basic commands | 1 | |
| Build / train | 36 | |
| Enter build submenu | 18 | |
| Enter hero's abilities submenu | 2 | |
| Remove unit from queue | 7 | |
| Right click | 125 | |
| Select / deselect | 123 | |
| Use ability | 16 | |
328 total
» units
» upgrades
» buildings
| Altar of Kings | 1 | |
| Farm | 3 | |
| Barracks | 2 | |
| Blacksmith | 1 | |
| Keep | 1 | |
| Town Hall | 1 | |
| Scout Tower | 3 | |
| Arcane Vault | 1 | |
| Lumber Mill | 1 | |
| Castle | 1 | |
15 total
» build order
00:30 Altar of Kings
00:38 Farm
00:51 Barracks
01:32 Farm
02:04 Blacksmith
03:12 Farm
04:58 Keep
05:41 Town Hall
05:51 Scout Tower
05:56 Scout Tower
06:47 Arcane Vault
07:09 Scout Tower
07:50 Barracks
09:12 Lumber Mill
10:44 Castle
team 2 (loser)
bestallyever (
pink | 34 APM | 377 actions | 11:11)
» actions
| Assign group hotkey | 9 | |
| Basic commands | 38 | |
| Build / train | 10 | |
| Enter build submenu | 7 | |
| Right click | 222 | |
| Select / deselect | 51 | |
| Select group hotkey | 15 | |
| Use ability | 25 | |
377 total
» units
» buildings
» build order
00:46 Arcane Vault
00:59 Arcane Vault
01:15 Arcane Vault
01:26 Arcane Vault
01:29 Arcane Vault
01:40 Arcane Vault

»
Iron_Warrior (
teal | 64 APM | 716 actions | 11:11)
2 Death Knight
1 Death Coil
1 Unholy Aura
1 Lich
1 Frost Nova
» actions
| Assign group hotkey | 8 | |
| Basic commands | 36 | |
| Build / train | 27 | |
| Enter build submenu | 12 | |
| Enter hero's abilities submenu | 4 | |
| Right click | 354 | |
| Select / deselect | 218 | |
| Select group hotkey | 29 | |
| Use ability | 28 | |
716 total
» units
| Acolyte | 2 | |
| Ghoul | 2 | |
| Crypt Fiend | 7 | |
11 total
» upgrades
| Creature Attack | 1 | |
| Creature Carapace | 1 | |
2 total
» buildings
| Crypt | 1 | |
| Graveyard | 1 | |
| Altar of Darkness | 1 | |
| Ziggurat | 3 | |
| Tomb of Relics | 1 | |
| Nerubian Tower | 1 | |
| Halls of the Dead | 1 | |
| Black Citadel | 1 | |
| Spirit Tower | 3 | |
13 total
» build order
00:23 Crypt
00:27 Graveyard
00:48 Altar of Darkness
01:04 Ziggurat
02:04 Ziggurat
02:25 Tomb of Relics
02:30 Nerubian Tower
04:00 Ziggurat
04:36 Halls of the Dead
07:50 Black Citadel
08:33 Spirit Tower
09:18 Spirit Tower
» items
| Rod of Necromancy | 1 | |
| Dust of Appearance | 1 | |
2 total

»
Lord-Ballington (
green | 33 APM | 306 actions | 09:17)
2 Paladin
1 Holy Light
1 Divine Shield
» actions
| Assign group hotkey | 14 | |
| Basic commands | 36 | |
| Build / train | 26 | |
| Enter build submenu | 9 | |
| Enter hero's abilities submenu | 2 | |
| Right click | 70 | |
| Select / deselect | 81 | |
| Select group hotkey | 52 | |
| Use ability | 16 | |
306 total
» units
» upgrades
» buildings
| Farm | 9 | |
| Altar of Kings | 1 | |
| Barracks | 2 | |
| Blacksmith | 1 | |
| Keep | 3 | |
16 total
» build order
00:26 Farm
00:34 Altar of Kings
00:51 Barracks
01:38 Blacksmith
01:42 Farm
01:44 Farm
03:05 Barracks
04:05 Farm
04:05 Farm
04:07 Farm
04:32 Keep
07:58 Farm
07:59 Farm
07:59 Farm

»
DoctorWhiskey (
blue | 22 APM | 139 actions | 06:11)
1 Lich
1 Frost Nova
» actions
| Basic commands | 3 | |
| Build / train | 13 | |
| ESC pressed | 1 | |
| Enter build submenu | 6 | |
| Enter hero's abilities submenu | 1 | |
| Right click | 65 | |
| Select / deselect | 43 | |
| Use ability | 7 | |
139 total
» units
| Acolyte | 2 | |
| Ghoul | 3 | |
| Crypt Fiend | 5 | |
10 total
» buildings
| Altar of Darkness | 1 | |
| Ziggurat | 3 | |
| Crypt | 1 | |
| Graveyard | 1 | |
| Halls of the Dead | 1 | |
7 total
» build order
00:06 Altar of Darkness
00:09 Ziggurat
00:34 Crypt
01:08 Graveyard
02:03 Ziggurat
04:05 Ziggurat
04:11 Halls of the Dead
Chat log
(00:46 / Allies) DoctorWhiskey: yo
(00:56 / Allies) Lord-Ballington: sup
(01:08 / Allies) Iron_Warrior: yarp
(01:10 / Allies) Iron_Warrior: fiends n stuff
(01:25 / Allies) Lord-Ballington: rifles and shit
(01:25 / Allies) Iron_Warrior: and it's gg
(01:40 / Allies) DoctorWhiskey: lol
(01:48 / Allies) Lord-Ballington: we'll see
(02:13 / Allies) Iron_Warrior: new 1.27 meta I assume
(02:28 / Allies) Lord-Ballington: oh wow didnt know those were all vaults
(02:41 / Allies) Lord-Ballington: maybe its some insane avant garde shit
(02:53 / Allies) DoctorWhiskey: maybe he will chain them together for something unseen
(02:55 / Allies) DoctorWhiskey: yes
(03:06 / Allies) bestallyever: gold pz
(03:11 / Allies) DoctorWhiskey: LOL
(03:31 / Allies) DoctorWhiskey: how about i come take your mine in a sec
(03:40 / Allies) bestallyever: plase no tk
(03:45 / Allies) Iron_Warrior: militia :/
(03:50 / Allies) DoctorWhiskey: in a sec
(04:41 / All) GOT.milk: go pin
(04:45 / All) GOT.milk: you can do it buddy
(05:19 / Allies) DoctorWhiskey: this fag just tried to kill my hero
(05:23 / Allies) Iron_Warrior: let's head up green
(05:26 / Allies) Iron_Warrior: finish pink
(05:27 / Allies) bestallyever: u threaten me
(05:29 / Allies) Iron_Warrior: this is it
(05:38 / All) GOT.milk: dont take his bs pink
(05:44 / All) Iron_Warrior: nothing to see here folks
(05:49 / All) GOT.milk: you show him whos boss
(05:57 / All) piesofthenorth: i see
(06:04 / All) piesofthenorth: a dude who's clearly very bad at stabbing
(06:08 / All) piesofthenorth: vs a dude wasting tps on a level 1 hero
(06:14 / All) piesofthenorth: In other words, a typical 4v4 RT game
(06:15 / All) Lord-Ballington: its embarassing frankly
(06:18 / All) bestallyever: HELP
(06:20 / All) bestallyever: TEAM TKING ME
(06:27 / All) Lord-Ballington: SHHHH
(06:29 / All) piesofthenorth: i don't believe you :P
(06:30 / All) Lord-Ballington: itll be over
(06:31 / All) Iron_Warrior: I think it was more of a symbolic tp
(06:37 / All) piesofthenorth: oh ok
(07:01 / All) Iron_Warrior: any chance you guys are really, really bad?
(07:14 / All) piesofthenorth: i once lost my hero to creeps
(07:22 / All) Lord-Ballington: lmfao
(07:22 / All) Iron_Warrior: was it on that outland map?
(07:26 / All) GOT.milk: thats a pro move sometimes
(07:30 / All) Lord-Ballington: that was hilarious teal
(07:36 / Allies) Lord-Ballington: genuinely lol'd
(07:41 / All) piesofthenorth: i'm sure i've done it on all maps at some point or another
(07:59 / All) Iron_Warrior: what's this?
(08:02 / All) Iron_Warrior: a lone ancient of war?
(08:19 / Allies) Lord-Ballington: dude teal
(08:20 / All) GOT.milk: pls dont
(08:22 / Allies) Lord-Ballington: im dyin man
(08:27 / All) GOT.milk: ty
(08:30 / Allies) Lord-Ballington: laughing way hard
(09:02 / All) piesofthenorth: KILL
(09:02 / All) piesofthenorth: KILL
(09:05 / All) piesofthenorth: KILL THE DEATH KNIGHT
(09:35 / All) bestallyever: pies is n00b
(09:39 / All) bestallyever: had noob tk team
(09:40 / All) Iron_Warrior: just head to pink
(09:43 / All) Iron_Warrior: will unsummon
(09:46 / All) piesofthenorth: 1-3
(09:51 / All) GOT.milk: thank you
(09:52 / All) bestallyever: 33-46
(10:00 / All) bestallyever: u shit
(10:02 / All) piesofthenorth: wanna throw down after this?
(10:02 / All) GOT.milk: your cooperation in this matter is greatly appreciated
(10:02 / All) Iron_Warrior: gg
(10:03 / All) piesofthenorth: 1v1?
(10:07 / All) bestallyever: sure
(10:09 / All) piesofthenorth: k
(10:16 / All) piesofthenorth: channel forum after k?
(10:20 / All) bestallyever: U GOT IT DUDE
(10:22 / All) piesofthenorth: k
(10:32 / All) Iron_Warrior: oh man
(10:33 / Allies) Iron_Warrior: Obs?
(10:35 / All) Iron_Warrior: Obs?
(10:37 / All) piesofthenorth: yeah sure
(10:42 / All) Iron_Warrior: what channel
(10:44 / All) piesofthenorth: forum
(10:46 / All) Iron_Warrior: kk
(11:10 / All) bestallyever: go 2 chan